 Dungeon Crawl Stone Soup version 0.30.0-19-gbf45117a57 (webtiles) character file.

Game seed: 17527765554034329588

145 qw the Chopper (level 5, -3/32 HPs)
             Began as a Gargoyle Fighter on May 25, 2023.
             Killed from afar by Natasha (9 damage)
             ... with a puff of flame
             ... on level 2 of the Dungeon.
             The game lasted 00:00:43 (1600 turns).

qw the Chopper (Gargoyle Fighter)                   Turns: 1600, Time: 00:00:44

Health: -3/32      AC: 10    Str: 22    XL:     5   Next: 27%
Magic:  5/5        EV:  9    Int:  8    God:
Gold:   39         SH:  4    Dex:  9    Spells: 4/4 levels left

rFire   . . .        Y - +0 war axe
rCold   . . .        c - +0 buckler
rNeg    + . .        b - +0 scale mail
rPois   inf          (no helmet)
rElec   +            (no cloak)
rCorr   .            (no gloves)
SInv    .            (no boots)
Will    .....        (no amulet) Stlth
                     (no ring)
HPRegen 0.25/turn    (no ring)
MPRegen 0.09/turn

%: no passive effects
@: no status effects
A: sickness immunity, AC +4, negative energy resistance 1, electricity
resistance, torment resistance 1, petrification resistance
a: no special abilities


You were on level 2 of the Dungeon.
You visited 1 branch of the dungeon, and saw 2 of its levels.

You collected 39 gold pieces.


Innate Abilities, Weirdness & Mutations

You are immune to sickness and miasma.
Your stone body is resilient. (AC +4)
You are immune to poison.
You resist negative energy. (rN+)
You are resistant to electric shocks. (rElec)
You are resistant to unholy torment.
You are immune to petrification.


   Skills:
 - Level 3.2 Fighting
 + Level 4.8 Axes
 - Level 3.2 Armour
 - Level 3.2 Shields


You had 4 spell levels left.
You didn't know any spells.
Your spell library was empty.

Inventory:

Hand Weapons
 g - a +0 whip
 Y - a +0 war axe (weapon)
Armour
 b - a +0 scale mail (worn)
 c - a +0 buckler (worn)
Scrolls
 a - a scroll of immolation {unknown}
 f - 2 scrolls of fog {unknown}
 j - a scroll of enchant weapon {unknown}
Potions
 d - a potion of might
 e - 5 potions of curing {unknown}
 i - a potion of mutation {unknown}

Dungeon Overview and Level Annotations

Branches:
Dungeon (2/15)

Altars:

Annotations:
D:2 Natasha


Message History

The cerulean imp closely misses you. Natasha claws you.
The cerulean imp hits you from afar with a +1 spear.
Natasha misses you.
You closely miss Natasha.
Natasha is lightly wounded.
You block the cerulean imp's attack. You block Natasha's attack.
You slash Natasha!
Natasha is almost dead.
The cerulean imp hits you but does no damage.
Natasha claws you but does no damage.
You barely miss Natasha.
Natasha is almost dead.
The cerulean imp barely misses you.
Natasha zaps a wand.
The puff of flame hits you!
The cerulean imp hits you but does no damage.
Natasha mumbles some strange words.
1595 ||| READING scroll of teleportation.
As you read the scroll of teleportation, it crumbles to dust.
You feel strangely unstable. The cerulean imp barely misses you.
You block the cerulean imp's attack. Natasha claws you but does no damage.
You hit Natasha.
You kill Natasha!
Natasha growls in agony!
The cerulean imp disappears in a puff of smoke! x2
The bat hits you but does no damage. The giant cockroach closely misses you.
You closely miss the bat. You hit the giant cockroach.
The bat barely misses you. The bat hits you but does no damage.
The giant cockroach barely misses you. The bat hits you but does no damage.
You slash the giant cockroach!
You kill the giant cockroach!
You miss the bat.
Your surroundings suddenly seem different.
Natasha, Servant of Life and Death comes into view.
She is carrying a wand of flame (4).
Natasha howls an incantation.
Natasha shimmers violently.
Natasha casts a spell at you. The magic dart hits you.
Natasha zaps a wand.
The puff of flame hits you!
You die...

.###.# #.##.##
##.......#.... ##...#
#.#### ##.....######
#.### #.######## ##...##
#.# #........# ##+## #.#
#..#...#.# #.# #.#
##........#####.##### #.#
##.#.................####
#.#
#.##.....h.####...##.....
#.# ##.#....@..#
#.....###### #.#
##........# ##...## ##.#
####...### ##.## ...#
##### ### ####


You could see Natasha.

Vanquished Creatures
  A scorpion (D:2)
  Natasha (twice) (D:2)
  A worm (D:1)
  2 dart slugs (D:1)
  4 bats
  An endoplasm (D:2)
  2 giant cockroaches
  3 goblins
  4 hobgoblins
  3 quokkas
  3 ball pythons
  3 frilled lizards
  A kobold (D:1)
  3 rats (D:2)
33 creatures vanquished.

Notes
Turn   | Place    | Note
-------+----------+-------------------------------------------
     0 | D:1      | qw the Gargoyle Fighter began the quest for the Orb.
     0 | D:1      | Reached XP level 1. HP: 14/14 MP: 1/1
     0 | D:1      | 0 ||| qw: Version: 0.2-a-98-g5d7165a
     0 | D:1      | 0 ||| qw: Game counter: 87
     0 | D:1      | 0 ||| qw: Always use a shield: true
     0 | D:1      | 0 ||| qw: God list: Okawaru
     0 | D:1      | 0 ||| qw: Allow faded altars: false
     0 | D:1      | 0 ||| qw: Do Orc after D:15 true
     0 | D:1      | 0 ||| qw: Do second Lair branch before Depths: true
     0 | D:1      | 0 ||| qw: Lair rune preference: random
     0 | D:1      | 0 ||| qw: Plans: Normal, Zot:1-4, God:TSO, Crypt, Tomb,
                  | Pan, Slime:5, Hells, Abyss, Win
     0 | D:1      | 0 ||| PLANNING D:1-11
    20 | D:1      | 20 ||| Stepping ~*~*~tactically~*~*~ (hiding).
    22 | D:1      | 22 ||| Stepping ~*~*~tactically~*~*~ (hiding).
    35 | D:1      | Reached skill level 2 in Axes
   160 | D:1      | Reached XP level 2. HP: 19/19 MP: 2/2
   202 | D:1      | 202 ||| Stepping ~*~*~tactically~*~*~ (stealth).
   283 | D:1      | 283 ||| Stepping ~*~*~tactically~*~*~ (hiding).
   540 | D:1      | 540 ||| Stepping ~*~*~tactically~*~*~ (hiding).
   790 | D:1      | 790 ||| READING scroll labelled ZAREFU POCEOR.
   791 | D:1      | 791 ||| READING 2 scrolls labelled QAMPIQYIHO.
   794 | D:1      | 794 ||| READING scroll labelled HEM HYGGAUKH.
   914 | D:2      | 914 ||| STAIRDANCE
   917 | D:1      | Reached skill level 3 in Axes
  1005 | D:2      | Reached XP level 3. HP: 23/23 MP: 3/3
  1433 | D:2      | Noticed a scorpion
  1441 | D:2      | Killed a scorpion
  1442 | D:2      | Reached skill level 4 in Axes
  1442 | D:2      | Reached XP level 4. HP: 27/28 MP: 4/4
  1499 | D:2      | Noticed Natasha
  1506 | D:2      | Killed Natasha
  1507 | D:2      | Reached XP level 5. HP: 29/32 MP: 5/5
  1580 | D:2      | Noticed Natasha
  1594 | D:2      | HP: 8/32 [Natasha/puff of flame (13)]
  1595 | D:2      | 1595 ||| READING scroll of teleportation.
  1596 | D:2      | Killed Natasha
  1598 | D:2      | Noticed Natasha
  1599 | D:2      | HP: 5/32 [Natasha/magic dart (4)]
  1600 | D:2      | Killed from afar by Natasha

Levels and vault maps discovered:
D:1:      lemuel_arrival_cross, layout_loops_ring, minmay_misc_feat_doors
D:2:      layout_loops_corners, uniq_natasha

Skill      XL: |  1  2  3 |
---------------+----------+-----
Axes           | 2 3 4 |  4.8
Fighting       | |  3.2
Armour         | |  3.2
Shields        | |  3.2

Action                     |  1- 3 |  4- 6 || total
---------------------------+-------+-------++-------
  Melee: War axe           |    92 |    34 ||   126
    Use: Scroll            |     3 |     1 ||     4
 Armour: Scale mail        |    33 |    21 ||    54
  Dodge: Dodged            |    47 |    27 ||    74
  Block: Buckler           |    15 |    10 ||    25

Table legend:
 A = Non-vault XP
 B = Vault XP
 C = Vault XP percentage of total XP
 D = Non-vault monster count
 E = Vault monster count
 F = Vault count percentage of total count
                 A         B        C        D         E       F
            +---------+---------+-------+---------+---------+-------
      Total |     173 |      35 |  16.8 |      32 |       1 |   3.0
            +---------+---------+-------+---------+---------+-------
        D:1 |      32 |       0 |   0.0 |      14 |       0 |   0.0
        D:2 |     141 |      35 |  19.9 |      18 |       1 |   5.3
            +---------+---------+-------+---------+---------+-------
